2346 views
Uploaded 2024-03-12 01:54:27
Game version 1.36 (6115)
11:40 long 1on2 custom game on (3)NomadIsles
Game name "AlRoss"
Saved by Alex11Chr
2346 views
Uploaded 2024-03-12 01:54:27
Game version 1.36 (6115)
11:40 long 1on2 custom game on (3)NomadIsles
Game name "AlRoss"

55 units @ 8.1k
/ 0.4k
33 buildings @ 3.5k
/ 1k


| Potion of Healing | 2 | 300 |
| Lesser Clarity Potion | 1 | 70 |
| total: | 3 | 370g |
| Peon | 7 | 525 | / | 0 |
| Grunt | 15 | 3000 | / | 0 |
| total: | 22 | 3525g | / | 0w |
| Altar of Storms | 1 | 180 | / | 50 |
| Orc Burrow | 5 | 800 | / | 200 |
| Barracks | 1 | 180 | / | 50 |
| Voodoo Lounge | 3 | 390 | / | 90 |
| War Mill | 1 | 205 | / | 0 |
| Stronghold | 1 | 315 | / | 190 |
| total: | 11 | 1755g | / | 390w |
| 0:06 | Altar of Storms |
| 0:09 | Orc Burrow |
| 0:11 | Peon |
| 0:11 | Peon |
| 0:32 | Barracks |
| 0:42 | Peon |
| 0:52 | Peon |
| 1:01 | Peon |
| 1:28 | Peon |
| 1:36 | Grunt |
| 1:46 | Orc Burrow |
| 2:02 | Orc Burrow |
| 2:14 | Healing Wave |
| 2:23 | Peon |
| 2:42 | Grunt |
| 3:04 | Voodoo Lounge |
| 3:17 | Voodoo Lounge |
| 3:24 | Stronghold |
| 3:45 | Grunt |
| 4:12 | War Mill |
| 4:24 | Grunt |
| 5:16 | Hex |
| 5:37 | Grunt |
| 6:18 | Berserker Strength |
| 6:18 | Grunt |
| 6:36 | Grunt |
| 6:37 | Grunt |
| 6:46 | Potion of Healing |
| 6:46 | Potion of Healing |
| 6:48 | Lesser Clarity Potion |
| 7:05 | Chain Lighting |
| 7:10 | Grunt |
| 7:31 | Healing Wave |
| 7:59 | Grunt |
| 8:03 | Orc Burrow |
| 8:06 | Steel Armor |
| 8:09 | Steel Melee Weapons |
| 8:30 | Grunt |
| 8:32 | Feral Spirit |
| 9:00 | Grunt |
| 9:09 | Voodoo Lounge |
| 9:32 | Grunt |
| 10:01 | Pillage |
| 10:02 | Grunt |
| 10:14 | Thorium Armor |
| 10:52 | Orc Burrow |
| 10:53 | Grunt |
| 11:30 | Hex |
| Right click | 1075 |
| Select | 100 |
| Select group | 91 |
| Build/train/purchase | 44 |
| Assign group | 34 |
| Use ability | 15 |
| Item give/drop | 2 |
| Minimap ping | 2 |
| Remove unit | 1 |

| Peasant | 13 | 975 | / | 0 |
| Footman | 7 | 945 | / | 0 |
| Rifleman | 13 | 2665 | / | 390 |
| total: | 33 | 4585g | / | 390w |
| Scout Tower | 10 | 300 | / | 200 |
| Arcane Tower | 5 | 350 | / | 250 |
| Altar of Kings | 1 | 180 | / | 50 |
| Farm | 6 | 480 | / | 120 |
| Barracks | 3 | 480 | / | 180 |
| Arcane Vault | 1 | 130 | / | 30 |
| Blacksmith | 1 | 140 | / | 60 |
| total: | 22 | 1710g | / | 640w |
| 0:03 | Altar of Kings |
| 0:05 | Peasant |
| 0:08 | Farm |
| 0:13 | Barracks |
| 0:23 | Peasant |
| 0:40 | Peasant |
| 0:55 | Peasant |
| 1:06 | Peasant |
| 1:15 | Farm |
| 1:22 | Footman |
| 1:28 | Peasant |
| 1:51 | Arcane Vault |
| 1:56 | Peasant |
| 2:11 | Footman |
| 2:29 | Summon Water Elemental |
| 2:33 | Footman |
| 2:39 | Farm |
| 2:50 | Footman |
| 3:22 | Barracks |
| 3:25 | Scout Tower |
| 3:32 | Footman |
| 3:37 | Blacksmith |
| 3:57 | Barracks |
| 4:07 | Farm |
| 4:18 | Footman |
| 4:57 | Footman |
| 5:00 | Rifleman |
| 5:15 | Blizzard |
| 5:35 | Scout Tower |
| 5:43 | Rifleman |
| 5:48 | Rifleman |
| 6:03 | Scout Tower |
| 6:18 | Rifleman |
| 6:20 | Rifleman |
| 6:36 | Peasant |
| 6:36 | Peasant |
| 6:37 | Peasant |
| 7:00 | Scout Tower |
| 7:09 | Rifleman |
| 7:12 | Rifleman |
| 7:28 | Summon Water Elemental |
| 7:36 | Rifleman |
| 7:58 | Arcane Tower |
| 8:01 | Scout Tower |
| 8:10 | Rifleman |
| 8:30 | Rifleman |
| 8:33 | Arcane Tower |
| 8:35 | Scout Tower |
| 9:10 | Arcane Tower |
| 9:14 | Scout Tower |
| 9:26 | Farm |
| 9:30 | Farm |
| 9:50 | Arcane Tower |
| 9:54 | Scout Tower |
| 9:59 | Rifleman |
| 10:09 | Rifleman |
| 10:30 | Scout Tower |
| 10:47 | Rifleman |
| 10:50 | Peasant |
| 10:50 | Peasant |
| 10:50 | Peasant |
| 11:05 | Arcane Tower |
| 11:16 | Blizzard |
| 11:25 | Scout Tower |
| Right click | 251 |
| Select | 239 |
| Build/train/purchase | 49 |
| Select group | 48 |
| Assign group | 25 |
| Use ability | 8 |
| Misc. action | 6 |
| Esc | 3 |
| Remove unit | 1 |
| Minimap ping | 1 |
โ